 Dungeon Crawl Stone Soup version 0.31.0-12-g77e489cdc1 (webtiles) character file.

Game seed: 12224012401622701526

35 hawla the Firebug (level 3, -3/20 HPs)
             Began as a Deep Elf Fire Elementalist on Feb 12, 2024.
             Slain by Natasha (6 damage)
             ... on level 2 of the Dungeon.
             The game lasted 00:04:00 (1581 turns).

hawla the Firebug (Deep Elf Fire Elementalist)      Turns: 1581, Time: 00:04:01

Health: -3/20      AC:  2    Str:  5    XL:     3   Next: 17%
Magic:  7/9        EV: 12    Int: 21    God:
Gold:   50         SH:  0    Dex: 15    Spells: 7/8 levels left

rFire   . . .        d - staff of death
rCold   . . .        (no shield)
rNeg    + . .        a - +0 robe
rPois   .            (no helmet)
rElec   .            (no cloak)
rCorr   .            (no gloves)
SInv    .            (no boots)
Will    .....        (no amulet)
Stlth   ++           (no ring)
HPRegen 0.23/turn    (no ring)
MPRegen 0.11/turn

%: no passive effects
@: no status effects
A: no striking features
a: no special abilities


You were on level 2 of the Dungeon.
You visited 1 branch of the dungeon, and saw 2 of its levels.

You collected 50 gold pieces.

Inventory:

Armour
 a - a +0 robe (worn)
Magical Staves
 d - a staff of death (weapon)
Potions
 b - a potion of magic
 e - a potion of heal wounds {unknown}


   Skills:
 - Level 1.0 Fighting
 - Level 2.4 Dodging
 - Level 3.0 Stealth
 - Level 3.0 Spellcasting
 + Level 2.7 Conjurations
 - Level 3.2 Fire Magic


You had 7 spell levels left.
You knew the following spells:

 Your Spells              Type           Power      Damage    Failure   Level
a - Foxfire               Conj/Fire      60%        2x1d7     3%          1

Your spell library contained the following spells:

 Spells                   Type           Power      Damage    Failure   Level
 Scorch                   Fire           32%        2d6       5%          2
 Cigotuvi's Dreadful Rot  Necr/Alch/Air  8%         N/A       21%         2
 Inner Flame              Hex/Fire       10%        N/A       21%         3
 Volatile Blastmotes      Fire/Tloc      20%        2d11      21%         3
 Flame Wave               Conj/Fire      15%        2d7       36%         4
 Ignite Poison            Fire/Alch      10%        N/A       56%         4
 Freezing Cloud           Conj/Ice/Air   3%         6-21      95%         5


Dungeon Overview and Level Annotations

Branches:
Dungeon (2/15)

Altars:

Annotations:
D:2 Natasha


Message History

Confirm with . or Enter, or press ? or * to list all spells.
You conjure some foxfire!
The endoplasm freezes you.
You are frozen.
Your foxfire dissipates!
The foxfire hits the endoplasm.
You kill the endoplasm!
Natasha, Servant of Life and Death comes into view.
Natasha is nearby!
Natasha is nearby!
Okay, then.
d - a staff of death (weapon)
Natasha claws you but does no damage.
Casting: Foxfire (safe; 3% risk of failure)
Confirm with . or Enter, or press ? or * to list all spells.
You don't know that spell.
Casting: Foxfire (safe; 3% risk of failure)
Confirm with . or Enter, or press ? or * to list all spells.
You conjure some foxfire!
Natasha barely misses you.
Casting: Foxfire (safe; 3% risk of failure)
Confirm with . or Enter, or press ? or * to list all spells.
You don't know that spell.
You closely miss Natasha.
The foxfire hits Natasha.
Natasha is lightly wounded.
Natasha casts a spell at you. The magic dart hits you!
Unknown command.
As you read the scroll labelled YMAOFY SEPRIS, it crumbles to dust.
Your body is wracked with pain!
Natasha convulses!
It was a scroll of torment.
Natasha barely misses you.
The foxfire hits Natasha.
Natasha is almost dead.
Natasha claws you.
* * * LOW HITPOINT WARNING * * *
Unknown command.
Casting: Foxfire (safe; 3% risk of failure)
Confirm with . or Enter, or press ? or * to list all spells.
You conjure some foxfire!
Natasha claws you.
You die...
Natasha curls up and begins to purr.

#..#####
#.##
#......#
#########†##
#.####.#
............
#.# #.#
########.###
#.# #.# #.#
#.# #.#
##.## #.#
#§# ##.>.##
##.####v#
#..#..#
......h@#
#.###..
##.##.v.#
#..#..#
#...#
##...##
#...# #####
#...# #...#
#...# #..#.


You could see Natasha (ally target).

Vanquished Creatures
  5 ball pythons
  4 endoplasms
  2 giant cockroaches (D:2)
  8 goblins
  A hobgoblin (D:1)
  2 quokkas (D:1)
  2 bats (D:1)
  2 frilled lizards (D:1)
  3 kobolds
  3 rats (D:1)
32 creatures vanquished.

Vanquished Creatures (others)
  71 foxfires
71 creatures vanquished.

Grand Total: 103 creatures vanquished

Notes
Turn   | Place    | Note
-------+----------+-------------------------------------------
     0 | D:1      | hawla the Deep Elf Fire Elementalist began the quest for
                  | the Orb.
     0 | D:1      | Reached XP level 1. HP: 10/10 MP: 6/6
   217 | D:1      | Reached skill level 1 in Fighting
   281 | D:1      | Reached XP level 2. HP: 16/16 MP: 6/8
  1248 | D:2      | Reached XP level 3. HP: 20/20 MP: 7/9
  1573 | D:2      | Noticed Natasha
  1581 | D:2      | Slain by Natasha

Illustrated notes

Levels and vault maps discovered:
D:1:      minmay_arrival_nine_rooms, layout_basic
D:2:      layout_loops_ring, uniq_natasha

Skill      XL: |  1  2 |
---------------+-------+-----
Fighting       | 1 |  1.0
Stealth        | 3 |  3.0
Conjurations   | 2 |  2.7
Dodging        | |  2.4
Spellcasting   | |  3.0
Fire Magic     | |  3.2

Action                     || total
---------------------------++-------
  Melee: Unarmed           ||     4
         Staff             ||     1
   Cast: Foxfire           ||    43
    Use: Scroll            ||     2
 Armour: Robe              ||     7
  Dodge: Dodged            ||    12
